 Dungeon Crawl Stone Soup version 0.20-a0-972-gb9bd3e6 (webtiles) character file.

109 Angani the Skirmisher (level 4, 0/42 HPs)
             Began as a Draconian Wanderer on Apr 9, 2017.
             Slain by Terence
             ... wielding a +0 short sword of electrocution
              (6 damage)
             ... on level 3 of the Dungeon.
             The game lasted 00:02:49 (1957 turns).

Angani the Skirmisher (Draconian Wanderer)          Turns: 1957, Time: 00:02:50

Health: 0/42       AC:  5    Str: 12    XL:     4   Next: 60%
Magic:  4/4        EV: 11    Int: 15    God:
Gold:   229        SH:  0    Dex: 11    Spells: 3/3 levels left

rFire    . . .     SeeInvis .   d - +0 quarterstaff
rCold    . . .     Gourm    .   (shield currently unavailable)
rNeg     . . .     Faith    .   (armour unavailable)
rPois    .         Spirit   .   (helmet restricted)
rElec    .         Reflect  .   (no cloak)
rCorr    .         Harm     .   (no gloves)
MR       .....                  (no boots)
Stlth    ++........             (no amulet)
Regen    0.2/turn               (no ring)
MPRegen  0.1/turn               (no ring)

@: no status effects
A: unfitting armour, cold-blooded, AC +5
a: no special abilities


You were on level 3 of the Dungeon.
You were hungry.

You visited 1 branch of the dungeon, and saw 3 of its levels.

You collected 229 gold pieces.

Inventory:

Hand Weapons
 b - a +2 blowgun
 d - a +0 quarterstaff (weapon)
Missiles
 a - 4 curare-tipped needles
 p - 11 poisoned needles
Jewellery
 l - an uncursed ring of fire {unknown}
Scrolls
 e - a scroll of amnesia {unknown}
 g - a scroll of noise {unknown}
 j - 4 scrolls of teleportation {unknown}
 m - a scroll of magic mapping {unknown}
 q - a scroll of enchant armour {unknown}
 r - 4 scrolls of identify {unknown}
 s - a scroll of remove curse {unknown}
Potions
 c - a potion of lignification
 i - 2 potions of curing {unknown}
 k - 2 potions of degeneration {unknown}
 n - a potion of haste {unknown}
 o - 2 potions of heal wounds
Comestibles
 f - 2 bread rations
 h - 3 meat rations
 t - 2 chunks of flesh


   Skills:
 + Level 5.4 Fighting
   Level 3.0 Axes
 - Level 1.0 Staves
 - Level 1.0 Throwing
 - Level 2.6 Stealth


You had 3 spell levels left.
You didn't know any spells.

Dungeon Overview and Level Annotations

Branches:
Dungeon (3/15)

Altars:
Hepliaklqana

Annotations:
D:3 Terence


Innate Abilities, Weirdness & Mutations

Your plain brown scales are hard. (AC +5)
You cannot fit into any form of body armour.
You are cold-blooded and may be slowed by cold attacks.


Message History

You hit Terence but do no damage.
You tail-slap Terence, but do no damage.
Terence hits you with a short sword of electrocution.
You hit Terence but do no damage.
Terence is lightly wounded.
Terence looks more healthy.
Terence hits you with a short sword of electrocution.
You barely miss Terence.
Terence is lightly wounded.
Terence hits you with a short sword of electrocution.
You hit Terence.
Terence is moderately wounded.
Terence closely misses you.
You hit Terence but do no damage.
Terence is moderately wounded.
Terence hits you with a short sword of electrocution.
You are electrocuted!
* * * LOW HITPOINT WARNING * * *
Terence hits you with a short sword of electrocution.
You die...

................
#.#.......####.#
........#.####.####
#.#............. .#
.###.#.......#.# .# #
..#..##.#.#.##.##.##.#
P.......#............#
P............[.......#
.#.#.###........@....#
≈#.#.#
#.........@....# #.#.#
#..........(...# #.#.#
#..............# #.#
#..............# ..
#.......#####)..#
######### .... ..#


You could see Terence.

Vanquished Creatures
  5 adders
  3 worms (D:2)
  A dart slug (D:2)
  2 leopard geckos
  An orc (D:3)
  4 ball pythons
  2 giant cockroaches (D:1)
  5 goblins
  5 hobgoblins
  A quokka (D:3)
  8 bats
  7 frilled lizards
  6 kobolds
  2 rats
52 creatures vanquished.

Notes
Turn   | Place    | Note
-------+----------+-------------------------------------------
     0 | D:1      | Angani the Draconian Wanderer began the quest for the Orb.
     0 | D:1      | Angani set off with: 4 curare-tipped needles, a +2 blowgun, a potion of lignification, a +0 quarterstaff, a +0 dagger, a bread ration
     0 | D:1      | Reached XP level 1. HP: 17/17 MP: 1/1
   336 | D:1      | Reached skill level 3 in Fighting
   338 | D:1      | Reached XP level 2. HP: 25/26 MP: 2/2
   948 | D:2      | Reached XP level 3. HP: 20/33 MP: 3/3
   967 | D:2      | Reached skill level 4 in Fighting
  1431 | D:2      | Found a hazy altar of Hepliaklqana.
  1634 | D:2      | Reached XP level 4. HP: 33/41 MP: 4/4
  1725 | D:2      | Reached skill level 5 in Fighting
  1946 | D:3      | Noticed Terence
  1957 | D:3      | Slain by Terence

Vault maps used:
D:1:      minmay_arrival_four_circles
D:2:      marbit_many_paths, first_bread, nrook_mini_backslash
D:3:      serial_bayou_lagoon_a, minmay_crystal_water,
          minmay_shallow_snake_nest, uniq_natasha, uniq_terence

Skill      XL: |  1  2  3  4 |
---------------+-------------+-----
Fighting       | 3 4 5 |  5.4
Axes           | |  3.0
Staves         | |  1.0
Throwing       | |  1.0
Stealth        | |  2.6

Action                   |  1- 3 |  4- 6 || total
-------------------------+-------+-------++-------
Melee: Quarterstaff      |   107 |    47 ||   154
       Tailslap          |     7 |     4 ||    11
 Fire: Blowgun           |       |     1 ||     1
 Stab: Sleeping          |     5 |     2 ||     7
  Eat: Chunk             |     2 |     1 ||     3
Armor: Skin              |    36 |    16 ||    52
Dodge: Dodged            |    74 |    34 ||   108
